 Dungeon Crawl Stone Soup version 0.27-a0-994-g5030419646 (webtiles) character file.

Game seed: 1706575885520470045

30 Froggeryz the Shield-Bearer (level 3, -6/29 HPs)
             Began as a Formicid Fighter on Apr 16, 2021.
             Killed from afar by Natasha (7 damage)
             ... with a magic dart
             ... on level 2 of the Dungeon.
             The game lasted 00:01:00 (1214 turns).

Froggeryz the Shield-Bearer (Formicid Fighter)      Turns: 1214, Time: 00:01:01

Health: -6/29      AC:  6    Str: 21    XL:     3   Next: 35%
Magic:  3/3        EV:  8    Int:  7    God:
Gold:   31         SH:  9    Dex: 10    Spells: 2/2 levels left

rFire    . . .     SeeInvis +   a - +0 war axe
rCold    . . .     Faith    .   c - +0 kite shield
rNeg     . . .     Spirit   .   b - +0 scale mail
rPois    +         Reflect  .   (helmet unavailable)
rElec    .         Harm     .   (no cloak)
rCorr    .         Rampage  .   (no gloves)
Will     .....                  (no boots)
Stlth    ..........             (no amulet)
HPRegen  0.09/turn              g - ring of poison resistance
MPRegen  0.08/turn              (no ring)

@: no status effects
A: permanent stasis, dig shafts and tunnels, antennae 3, four strong arms
a: Dig, Shaft Self


You were on level 2 of the Dungeon.
You visited 1 branch of the dungeon, and saw 2 of its levels.

You collected 31 gold pieces.

Inventory:

Hand Weapons
 a - a +0 war axe (weapon)
Missiles
 e - 12 poisoned darts (quivered)
Armour
 b - a +0 scale mail (worn)
 c - a +0 kite shield (worn)
Jewellery
 g - a ring of poison resistance (left hand)
Scrolls
 f - a scroll of enchant armour {unknown}
 i - a scroll of blinking {unknown}
 j - a scroll of identify {unknown}
 k - a scroll of acquirement {unknown}
Potions
 d - 2 potions of might
 h - a potion of invisibility {unknown}


   Skills:
 - Level 3.2 Fighting
 * Level 3.1 Axes
 - Level 3.2 Armour
 + Level 4.1 Shields


You had 2 spell levels left.
You didn't know any spells.
Your spell library was empty.

Dungeon Overview and Level Annotations

Branches:
Dungeon (2/15)

Altars:

Annotations:
D:2 Natasha


Innate Abilities, Weirdness & Mutations

You cannot be hasted, slowed, berserked, paralysed or teleported.
You can dig through walls and to a lower floor.
You have a pair of large antennae on your head. (SInv)
Your four strong arms can wield two-handed weapons with a shield.


Message History

You hit Natasha but do no damage.
Natasha is heavily wounded.
You hit the white imp but do no damage. Natasha barely misses you.
You block the white imp's attack. Natasha closely misses you.
The crimson imp completely misses you.
Unknown command.
You closely miss Natasha.
Natasha is heavily wounded.
You closely miss the crimson imp. You closely miss the white imp.
The white imp gestures at you.
The puff of frost hits you but does no damage.
Natasha casts a spell.
The crimson imp blinks!
The white imp gestures at you. The puff of frost hits you.
You closely miss Natasha.
Natasha is heavily wounded.
You hit the white imp.
Natasha stares at you and mumbles some strange words.
You resist with some effort. You block the white imp's attack.
You block Natasha's attack. The white imp gestures at you.
The puff of frost hits you!
* * * LOW HITPOINT WARNING * * *
You hit Natasha but do no damage.
Natasha is heavily wounded.
You hit the white imp.
You kill the white imp!
You closely miss the crimson imp. Natasha casts a spell at you.
Your stasis prevents you from being slowed.
You block the crimson imp's attack.
Your shield and scale mail prevent you from hitting Natasha.
Natasha is heavily wounded.
You closely miss the crimson imp. Natasha claws you.
* * * LOW HITPOINT WARNING * * *
The crimson imp hits you but does no damage.
Natasha casts a spell at you. The magic dart hits you!
You die...

### .. #.. { ###
#......#.. #.. #......#..
# #.### #......... #.#.#.#
#........_
#.###$#.#.#######.........
.........@h5....+.........
.###.#.#5#######.........
.###.#.#.........#+###((.
................†.......##
#####.#.#..#....#.#.#....#
#.#.#..#.#<.#.#.#....# .
#.#.(#.####.#.#....# ##
#.#..#......#.#....#
#.#.........#.#.....


You could see Natasha, a crimson imp (summoned) and a shadow imp (summoned).

Vanquished Creatures
  A dart slug (D:2)
  A bat (D:2)
  5 endoplasms (D:1)
  2 goblins (D:1)
  2 hobgoblins (D:1)
  3 kobolds (D:1)
  3 quokkas
  2 ball pythons
  3 frilled lizards
  2 rats (D:1)
24 creatures vanquished.

Notes
Turn   | Place    | Note
-------+----------+-------------------------------------------
     0 | D:1      | Froggeryz the Formicid Fighter began the quest for the Orb.
     0 | D:1      | Reached XP level 1. HP: 18/18 MP: 1/1
   301 | D:1      | Reached XP level 2. HP: 24/24 MP: 2/2
   625 | D:1      | Reached skill level 4 in Shields
   769 | D:1      | Reached XP level 3. HP: 28/29 MP: 3/3
  1111 | D:2      | Found a faded altar of an unknown god.
  1203 | D:2      | Noticed Natasha
  1214 | D:2      | HP: 1/29 [Natasha (5)]
  1214 | D:2      | Killed from afar by Natasha

Illustrated notes

Levels and vault maps discovered:
D:1:      dpeg_arrival_rooms_c, layout_loops_ring, bh_walls_and_bars
D:2:      layout_basic, basic_ecumenical_altar, uniq_natasha, uniq_robin

Skill      XL: |  1  2  3 |
---------------+----------+-----
Shields        | 4 |  4.1
Axes           | 3 |  3.1
Fighting       | |  3.2
Armour         | |  3.2

Action                   || total
-------------------------++-------
Melee: War axe           ||    80
Armor: Scale mail        ||    31
Dodge: Dodged            ||    24
Block: Kite shield       ||    49

Table legend: (Time is in decaauts)
 A = Elapsed time spent in this place.
 B = Non-inter-level travel time spent in this place.
 C = Inter-level travel time spent in this place.
 D = Time resting spent in this place.
 E = Time spent auto-exploring this place.
 F = Levels seen in this place.
 G = Mean time per level.
                   A        B        C        D        E       F      G
               +--------+--------+--------+--------+--------+-----+--------+
         Total |   1255 |   1209 |     46 |    153 |    854 |   2 |  627.5 |
       Dungeon |   1255 |   1209 |     46 |    153 |    854 |   2 |  627.5 |
               +--------+--------+--------+--------+--------+-----+--------+

Top non-repeatable levels by time:
     D:1: 1115 daAuts
     D:2: 139 daAuts
